 Dungeon Crawl Stone Soup version 0.23.2-30-g0e89c35649 (webtiles) character file.

Game seed: 13063536280584304137

96 Kairos the Shield-Bearer (level 4, -6/42 HPs)
             Began as a Deep Dwarf Fighter on June 10, 2019.
             Engulfed by a cloud of flame (16 damage)
             ... on level 2 of the Dungeon.
             The game lasted 00:02:24 (1578 turns).

Kairos the Shield-Bearer (Deep Dwarf Fighter)       Turns: 1578, Time: 00:02:25

Health: -6/42      AC: 11    Str: 21    XL:     4   Next: 41%
Magic:  2/2        EV:  5    Int:  8    God:
Gold:   111        SH:  9    Dex: 12    Spells: 3/3 levels left

rFire    . . .     SeeInvis .   a - +0 war axe
rCold    . . .     Gourm    .   c - +0 shield
rNeg     . . .     Faith    .   i - +0 chain mail
rPois    .         Spirit   .   s - +0 helmet
rElec    .         Reflect  .   (no cloak)
rCorr    .         Harm     .   g - +0 pair of gloves
MR       .....                  (no boots)
Stlth    ..........             (no amulet)
HPRegen  0.00/turn              p - ring of flight
MPRegen  0.08/turn              (no ring)

@: non-regenerating
A: damage resistance, heal wounds, sense surroundings 1, no regeneration
a: Heal Wounds, Evoke Flight


You were on level 2 of the Dungeon.
You were full.

You visited 1 branch of the dungeon, and saw 2 of its levels.

You collected 111 gold pieces.

Inventory:

Hand Weapons
 a - a +0 war axe (weapon)
Missiles
 t - a throwing net (quivered)
Armour
 b - a +0 scale mail
 c - a +0 shield (worn)
 g - a +0 pair of gloves (worn)
 i - a +0 chain mail (worn)
 s - a +0 helmet (worn)
Jewellery
 p - a ring of flight (left hand)
Scrolls
 e - a scroll of enchant weapon {unknown}
 h - a scroll of fear {unknown}
 j - 2 scrolls of enchant armour {unknown}
 k - a scroll of teleportation {unknown}
 l - a scroll of remove curse {unknown}
 m - 3 scrolls of magic mapping {unknown}
 o - a scroll of identify {unknown}
 u - a scroll of amnesia {unknown}
Potions
 d - a potion of might
 n - a potion of haste {unknown}
 q - 2 potions of flight {unknown}
 r - a potion of curing {unknown}
Comestibles
 f - 7 rations


   Skills:
 + Level 3.2 Fighting
 + Level 3.5 Axes
 + Level 3.7 Armour
 + Level 0.2 Stealth
 + Level 4.1 Shields


You had 3 spell levels left.
You didn't know any spells.
Your spell library was empty.

Dungeon Overview and Level Annotations

Branches:
Dungeon (2/15)

Altars:
Okawaru


Innate Abilities, Weirdness & Mutations

You are resistant to damage.
You can heal yourself by infusing magical energy.
You passively map a small area around you.
You do not regenerate.


Message History

Why would you want to do that?
You fail to use your ability.
Why would you want to do that?
You feel very buoyant.
You fly up into the air.
You feel somewhat less full.
Partly explored, can't reach some items and places.
Partly explored, can't reach some items and places.
You see here 24 stones.
Really fly into a travel-excluded area?
You are engulfed in blazing flames.
You are engulfed in blazing flames.
You are starting to lose your buoyancy.
You float gracefully downwards.
Your magical essence is drained by the effort!
You feel much better.
You are engulfed in blazing flames.
You are engulfed in blazing flames.
* * * LOW HITPOINT WARNING * * *
You are engulfed in blazing flames.
You die...

.........### #○§§# ##.#...#.#
.........+.# #☼○§# #..(......
≈..........# #○§§# ##.#.††#.#
≈≈.)....##.#####...######.#..##.#
≈......###...§§.$.$.○§☼.#.......#
≈≈#...## #..○.§..$..§○§.###.#####
≈.##'## ##.§○☼...).☼§ #.# ≈≈##.#
*#####...# #†# ≈.##.### #@☼§# #.#
≈....<.## #○○☼# #.# ≈≈......##
#§§§# #.# ≈....###.## #...# #.#
≈...## ##.######(### #.#####
≈...# #........# #...... ##..##
##.######## ####### #.#.###.##
#.##...##


There were no monsters in sight!

Vanquished Creatures
  Natasha (D:2)
  Robin (D:2)
  An adder (D:2)
  A dart slug (D:2)
  2 leopard geckos
  6 bats
  A giant cockroach (D:2)
  8 hobgoblins
  5 kobolds
  2 quokkas (D:2)
  12 goblins
  4 rats
44 creatures vanquished.

Vanquished Creatures (others)
  A hobgoblin (D:2)
  A kobold (D:2)
2 creatures vanquished.

Grand Total: 46 creatures vanquished

Notes
Turn   | Place    | Note
-------+----------+-------------------------------------------
     0 | D:1      | Kairos the Deep Dwarf Fighter began the quest for the Orb.
     0 | D:1      | Reached XP level 1. HP: 20/20 MP: 1/1
   114 | D:1      | Found an iron altar of Okawaru.
   318 | D:1      | Reached XP level 2. HP: 27/27 MP: 2/2
   483 | D:2      | Reached XP level 3. HP: 28/33 MP: 3/3
   858 | D:2      | Noticed Robin
   878 | D:2      | Reached skill level 4 in Shields
   879 | D:2      | Killed Robin
   879 | D:2      | Reached XP level 4. HP: 23/42 MP: 4/4
  1350 | D:2      | Noticed Natasha
  1359 | D:2      | Killed Natasha
  1578 | D:2      | Engulfed by a cloud of flame

Skill      XL: |  1  2  3 |
---------------+----------+-----
Fighting       | 3 |  3.2
Axes           | 3 |  3.5
Shields        | 4 |  4.1
Armour         | |  3.7
Stealth        | |  0.2

Action                   |  1- 3 |  4- 6 || total
-------------------------+-------+-------++-------
Melee: War axe           |   118 |    19 ||   137
 Abil: Heal Wounds       |       |     2 ||     2
       Evoke Flight      |       |     1 ||     1
  Eat: Ration            |       |     2 ||     2
Armor: Chain mail        |    92 |    11 ||   103
       Scale mail        |     2 |       ||     2
Dodge: Dodged            |    31 |     6 ||    37
Block: Shield            |    86 |    12 ||    98
